 Dungeon Crawl Stone Soup version 0.30-a0-627-gc11e7ae810 (webtiles) character file.

Game seed: 10183244360089866826

140 BaabKaare the Ruffian (level 5, 0/40 HPs)
             Began as a Draconian Transmuter on Jan 12, 2023.
             Slain by a gnoll
             ... wielding a +0 halberd of freezing
              (2 damage)
             ... on level 4 of the Dungeon.
             The game lasted 00:10:10 (3797 turns).

BaabKaare the Ruffian (Draconian Transmuter)        Turns: 3797, Time: 00:10:11

Health: 0/40       AC:  5    Str: 15    XL:     5   Next: 2%
Magic:  9/9        EV: 12    Int: 13    God:
Gold:   139        SH:  0    Dex: 11    Spells: 4/10 levels left

rFire   . . .      SeeInvis .      - Unarmed
rCold   . . .      Faith    .    (no shield)
rNeg    . . .      Spirit   .    (body armour unavailable)
rPois   .          Reflect  .    (helmet restricted)
rElec   .          Harm     .    (no cloak)
rCorr   .          Rampage  .    (no gloves)
Will    .....                    (no boots)
Stlth   +                        f - amulet of magic regeneration
HPRegen 0.26/turn                (no ring)
MPRegen 0.51/turn                (no ring)

@: slowed, very slow
A: AC +5, unfitting armour, cold-blooded
a: no special abilities


You were on level 4 of the Dungeon.
You visited 1 branch of the dungeon, and saw 4 of its levels.

You collected 139 gold pieces.

Inventory:

Jewellery
 f - an amulet of magic regeneration (around neck)
Scrolls
 c - a scroll of vulnerability
 g - 3 scrolls of teleportation
 i - a scroll of fog
 j - a scroll of poison
Potions
 a - a potion of lignification
 d - 2 potions of heal wounds
 e - 2 potions of curing
 h - a potion of mutation {unknown}


   Skills:
 + Level 1.2 Fighting
 + Level 2.3 Dodging
 + Level 3.7 Unarmed Combat
 + Level 3.2 Spellcasting
 + Level 3.2 Transmutations
 + Level 0.2 Poison Magic


You had 4 spell levels left.
You knew the following spells:

 Your Spells              Type           Power      Damage    Failure   Level
a - Beastly Appendage     Tmut           20%        N/A       6%          1
b - Wereblood             Tmut           10%        N/A       9%          2
c - Spider Form           Tmut/Pois      6%         N/A       32%         3

Your spell library contained the following spells:

 Spells                   Type           Power      Damage    Failure   Level
 Foxfire                  Conj/Fire      8%         2x1d4     22%         1
 Cigotuvi's Dreadful Rot  Necr/Pois/Air  4%         N/A       32%         2
 Inner Flame              Hex/Fire       2%         N/A       56%         3
 Ice Form                 Ice/Tmut       6%         N/A       75%         4
 Cause Fear               Hex            1%         N/A       92%         4
 Dispel Undead            Necr           2%         3d7       92%         4
 Manifold Assault         Tloc           2%         N/A       92%         4
 Fireball                 Conj/Fire      1%         3d3       99%         5
 Death Channel            Necr           1%         N/A       100%        6
 Dispersal                Tloc           1%         N/A       100%        6
 Starburst                Conj/Fire      1%         6d3       100%        6
 Discord                  Hex            1%         N/A       100%        8
 Disjunction              Tloc           1%         N/A       100%        8


Dungeon Overview and Level Annotations

Branches:
Dungeon (4/15)
 Temple: D:4-7

Altars:
Nemelex Xobeh


Innate Abilities, Weirdness & Mutations

Your plain brown scales are hard. (AC +5)
You cannot fit into any form of body armour.
You are cold-blooded and may be slowed by cold attacks.


Message History

Okay, then.
Casting: Beastly Appendage (safe; 6% risk of failure)
Confirm with . or Enter, or press ? or * to list all spells.
The spell is quite dangerous to miscast (32% risk of failure)!
Continue anyway?
You turn into a venomous arachnid creature.
You hit the hobgoblin but do no damage.
The hobgoblin is poisoned.
The hobgoblin misses you.
You hit the hobgoblin.
You kill the hobgoblin!
You start resting.
Your transformation is almost over.
Magic restored.
You can't go up here!
You climb downwards.
The gnoll shouts!
You hear a shout! x2
Found a puce potion.
There is a stone staircase leading up here.
You hit the giant cockroach but do no damage.
The giant cockroach completely misses you.
You hit the giant cockroach.
The giant cockroach is poisoned.
The giant cockroach is severely wounded.
You kill the giant cockroach!
The gnoll hits you from afar with a +0 halberd of freezing!
The gnoll freezes you.
A gnoll comes into view. It is wielding a +0 halberd.
The gnoll misses you.
You bite the gnoll!
The gnoll is heavily wounded.
Your transformation has ended.
The gnoll hits you from afar with a +0 halberd!
The gnoll hits you with a +0 halberd of freezing!
* * * LOW HITPOINT WARNING * * *
You feel yourself slow down. The gnoll freezes you.
* * * LOW HITPOINT WARNING * * *
You hit the gnoll.
You tail-slap the gnoll, but do no damage.
The gnoll is almost dead.
The gnoll closely misses you.
The gnoll hits you with a +0 halberd of freezing.
You die...

### .... ...
..# #.# #.##
##<######
#@.†....#
#g.........
!g#######.##
#.. # #. #.
#


You could see 2 gnolls.

Vanquished Creatures
  4 adders
  3 dart slugs (D:1)
  2 orcs (D:3)
  4 ball pythons
  8 bats
  9 endoplasms
  3 giant cockroaches
  12 goblins
  14 hobgoblins
  6 jackals (D:1)
  4 quokkas
  3 frilled lizards
  6 kobolds
  6 rats
84 creatures vanquished.

Vanquished Creatures (others)
  2 plants (D:2)
2 creatures vanquished.

Grand Total: 86 creatures vanquished

Notes
Turn   | Place    | Note
-------+----------+-------------------------------------------
     0 | D:1      | BaabKaare the Draconian Transmuter began the quest for the
                  | Orb.
     0 | D:1      | Reached XP level 1. HP: 16/16 MP: 3/3
   195 | D:1      | Reached XP level 2. HP: 22/23 MP: 3/5
   445 | D:1      | Learned a level 2 spell: Wereblood
   561 | D:1      | Reached XP level 3. HP: 25/28 MP: 4/6
  1843 | D:1      | You fall into a shaft and drop 1 floor!
  2099 | D:2      | Reached XP level 4. HP: 35/35 MP: 4/8
  2108 | D:2      | Learned a level 3 spell: Spider Form
  2240 | D:2      | Found a sparkling altar of Nemelex Xobeh.
  2678 | D:2      | Found a faded altar of an unknown god.
  3725 | D:3      | Reached XP level 5. HP: 40/40 MP: 9/9
  3796 | D:4      | HP: 1/40 [gnoll/+0 halberd of freezing (4)]
  3797 | D:4      | Slain by a gnoll

Illustrated notes

Levels and vault maps discovered:
D:1:      dpeg_arrival_subterranean_lakeside_camping, layout_basic,
          serial_bayou_pond_e
D:2:      layout_basic, shapermc_ecumenical_altar_ellora, basic_altar,
          corexii_shack, minmay_goblin_kobold_house
D:3:      layout_basic, corner_web_ring
D:4:      layout_loops_ring, lemuel_doored_altar,
          hangedman_abyss_or_decor_stagger

Skill      XL: |  1  2  3  4 |
---------------+-------------+-----
Dodging        | 2 |  2.3
Spellcasting   | 3 |  3.2
Transmutations | 3 |  3.2
Fighting       | |  1.2
Unarmed Combat | |  3.7
Poison Magic   | |  0.2

Action                   |  1- 3 |  4- 6 || total
-------------------------+-------+-------++-------
Melee: Unarmed           |   111 |    78 ||   189
       Headbutt          |    12 |     2 ||    14
       Kick              |    20 |     3 ||    23
       Tailslap          |     9 |     3 ||    12
       Punch             |     3 |       ||     3
 Cast: Beastly Appendage |    27 |     8 ||    35
       Wereblood         |     2 |       ||     2
       Spider Form       |       |    12 ||    12
  Use: Scroll            |       |     6 ||     6
Armor: Skin              |    42 |    18 ||    60
Dodge: Dodged            |    85 |    86 ||   171

Table legend: (Time is in decaauts)
 A = Elapsed time spent in this place.
 B = Non-inter-level travel time spent in this place.
 C = Inter-level travel time spent in this place.
 D = Time resting spent in this place.
 E = Time spent auto-exploring this place.
 F = Levels seen in this place.
 G = Mean time per level.
                   A        B        C        D        E       F      G
               +--------+--------+--------+--------+--------+-----+--------+
         Total |   3796 |   3733 |     63 |   1649 |   1216 |   4 |  949.0 |
       Dungeon |   3796 |   3733 |     63 |   1649 |   1216 |   4 |  949.0 |
               +--------+--------+--------+--------+--------+-----+--------+

Top non-repeatable levels by time:
     D:1: 2009 daAuts
     D:2: 1552 daAuts
     D:3: 221 daAuts
     D:4: 13 daAuts
